 Dungeon Crawl Stone Soup version 0.22.1-1-ga44c0e5 (webtiles) character file.

58 mandick the Ruffian (level 4, -6/27 HPs)
             Began as a Gargoyle Transmuter on Sept 30, 2018.
             Killed from afar by an orc wizard (9 damage)
             ... with a puff of flame
             ... on level 2 of the Dungeon.
             The game lasted 00:04:21 (1074 turns).

mandick the Ruffian (Gargoyle Transmuter)           Turns: 1074, Time: 00:04:21

Health: -6/27      AC:  5    Str: 14    XL:     4   Next: 2%
Magic:  7/7        EV: 12    Int: 14    God:
Gold:   93         SH:  0    Dex: 10    Spells: 6/7 levels left

rFire    . . .     SeeInvis .   h - +1 spear (pierce)
rCold    . . .     Gourm    .   (no shield)
rNeg     + . .     Faith    .   b - +0 robe
rPois    ∞         Spirit   .   (no helmet)
rElec    +         Reflect  .   i - scarf {repulsion}
rCorr    +         Harm     .   (no gloves)
MR       .....                  (no boots)
Stlth    +.........             (no amulet)
HPRegen  0.09/turn              l - ring of resist corrosion
MPRegen  0.10/turn              (no ring)

@: repel missiles
A: negative energy resistance 1, electricity resistance, unbreathing,
petrification resistance, rot immunity, AC +3
a: no special abilities


You were on level 2 of the Dungeon.
You were not hungry.

You visited 1 branch of the dungeon, and saw 2 of its levels.

You collected 93 gold pieces.

Inventory:

Hand Weapons
 e - a +0 hand axe
 h - a +1 spear of piercing (weapon)
Missiles
 a - 32 arrows
 c - 8 exploding tomahawks (quivered)
 j - 8 tomahawks
Armour
 b - a +0 robe (worn)
 i - a scarf of repulsion (worn)
Jewellery
 l - a ring of resist corrosion (left hand)
Scrolls
 g - a scroll of identify {unknown}
 m - a scroll of enchant armour {unknown}
Potions
 k - 2 potions of heal wounds {unknown}
Comestibles
 d - 3 rations
 f - 7 chunks of flesh


   Skills:
 + Level 2.4 Fighting
 - Level 1.5 Dodging
 + Level 3.6 Unarmed Combat
 - Level 2.0 Spellcasting
 + Level 2.3 Transmutations


You had 6 spell levels left.
You knew the following spells:

 Your Spells              Type           Power        Failure   Level  Hunger
a - Beastly Appendage     Tmut           #.....       10%         1    ##.....

Your spell library contained the following spells:

 Spells                   Type           Power        Failure   Level  Hunger
 Sticks to Snakes         Tmut           #.......     14%         2    ###....
 Spider Form              Tmut/Pois      #.........   41%         3    ####...
 Ice Form                 Ice/Tmut       #.......     83%         4    #####..
 Blade Hands              Tmut           #.........   95%         5    ######.


Dungeon Overview and Level Annotations

Branches:
Dungeon (2/15)

Altars:
Trog


Innate Abilities, Weirdness & Mutations

You are resistant to torment.
Your stone body is resilient. (AC +3)
You are immune to poison.
You resist negative energy. (rN+)
You are resistant to electric shocks. (rElec)
You can survive without breathing.
You are immune to petrification.
You are immune to rotting.


Message History

Something hits you. The orc barely misses you.
You barely miss the orc.
The orc is heavily wounded.
Something hits you.
* * * LOW HITPOINT WARNING * * *
The orc hits you but does no damage.
You barely miss the orc.
The orc is heavily wounded.
Something barely misses you.
You hit the orc.
You kill the orc!
You have reached level 4!
You feel clever. Something hits you but does no damage.
You barely miss something. Your punch misses something.
Something hits you but does no damage.
You hear some strange, mumbled words.
A puff of flame appears from out of thin air!
The puff of flame hits you!
You die...

#.##.#.#####.# ##.##
#.##.#.#...#.###...# ...#
###.##.#.#.#.#.##..... ....#
#...##.#.#.#.#.###...# ...#
####.####.#...#.#.# #..## ...#
#.......#.#####.#.# #.##
...######.##.##.#......[#.# #.#
..........##.##.#.#####.#.###.###
.....o.......##{@.#...#.#........
..........##.##.).#.#.#.#..##.##.
.....####.##.##...#.#.#.#..##....
.....##...?.......#.#...#..##....
.w...##...##.#.#..#.#####..###...
..)..........#....#........####..
.....o.o<....#.#..#.#####........
...............#..#.#...#.......#
##..###...##......#.#.#.#.#.#####


There were no monsters in sight!

Vanquished Creatures
  2 adders (D:2)
  2 oozes (D:1)
  A worm (D:2)
  A leopard gecko (D:2)
  2 orcs (D:2)
  2 bats
  3 giant cockroaches
  3 goblins
  2 hobgoblins
  A frilled lizard (D:1)
  3 kobolds (D:1)
  5 rats
27 creatures vanquished.

Notes
Turn   | Place    | Note
-------+----------+-------------------------------------------
     0 | D:1      | mandick the Gargoyle Transmuter began the quest for the
                  | Orb.
     0 | D:1      | Reached XP level 1. HP: 12/12 MP: 3/3
   251 | D:1      | Reached XP level 2. HP: 14/16 MP: 3/5
   590 | D:2      | Reached XP level 3. HP: 21/21 MP: 6/6
   790 | D:2      | Found a bloodstained altar of Trog.
  1073 | D:2      | Reached XP level 4. HP: 2/27 MP: 7/7
  1074 | D:2      | Killed from afar by an orc wizard

Skill      XL: |  1  2 |
---------------+-------+-----
Transmutations | 2 |  2.3
Fighting       | 2 |  2.4
Dodging        | |  1.5
Unarmed Combat | |  3.6
Spellcasting   | |  2.0

Action                   |  1- 3 |  4- 6 || total
-------------------------+-------+-------++-------
Melee: Unarmed           |    15 |       ||    15
       Headbutt          |     2 |       ||     2
       Kick              |     1 |       ||     1
       Spear             |    88 |     1 ||    89
 Cast: Beastly Appendage |     3 |       ||     3
 Stab: Sleeping          |     2 |       ||     2
  Eat: Chunk             |     1 |       ||     1
Armor: Robe              |    30 |     1 ||    31
Dodge: Dodged            |    58 |       ||    58
       Deflected         |     1 |       ||     1
